Map: Romanticide LE

Players

Zoun - Winner!

  • Race: Protoss Protoss
  • Spawn Location: 5:00

soul

  • Race: Terran Terran
  • Spawn Location: 11:00

Event: StayAtHome Story Cup #3

VOD

Have the link to the VOD?

Description

Time

  • Played on: March 13, 2021, 12:17 p.m.
  • Length: 17:34

All games in this series

Show
View Real Time Build Order
Export as new Build Order

Zoun Protoss - Winner!

Build Orders: 1 Gate Expand, Blink Stalkers 

Get SALT Encoding   

  12  0:00  Probe  
  13  0:12  Probe  
  14  0:17  Pylon  
  14  0:24  Probe (Chrono Boost)  
  15  0:36  Gateway  
  15  0:37  Probe (Chrono Boost)  
  16  0:44  Probe (Chrono Boost)  
  16  0:46  Assimilator  
  17  0:51  Probe  
  18  1:03  Probe  
  19  1:15  Probe  
  20  1:24  Cybernetics Core  
  20  1:32  Nexus  
  20  1:34  Probe  
  21  1:44  Pylon  
  21  1:46  Probe  
  22  1:52  Assimilator  
  22  1:58  Probe  
  22  1:59  Adept (Chrono Boost)  
  23  2:02  Warp Gate  
  25  2:11  Probe  
  26  2:19  Adept (Chrono Boost)  
  28  2:23  Probe  
  29  2:35  Twilight Council  
  29  2:36  Probe (Chrono Boost)  
  30  2:43  Adept  
  32  2:44  Probe (Chrono Boost)  
  34  2:53  Probe (Chrono Boost)  
  34  2:54  Probe (Chrono Boost)  
  35  2:59  Probe x2 (Chrono Boost)  
  35  3:00  Robotics Facility  
  37  3:10  Gateway  
  37  3:11  Probe x2  
  39  3:15  Blink (Chrono Boost)  
  37  3:23  Probe x2  
  39  3:27  Shield Battery  
  39  3:35  Probe  
  39  3:38  Gateway  
  39  3:39  Gateway  
  40  3:42  Probe  
  41  3:51  Stalker  
  43  3:57  Warp Prism  
  43  3:58  Pylon  
  43  4:02  Probe  
  46  4:08  Assimilator  
  46  4:11  Pylon  
  46  4:16  Stalker x2  
  50  4:18  Probe  
  50  4:19  Probe  
  52  4:34  Observer  
  52  4:35  Stalker x2  
  55  4:40  Stalker  
  55  4:41  Stalker  
  59  4:46  Probe  
  59  4:52  Probe  
  57  4:58  Probe  
  60  5:07  Observer  
  60  5:10  Pylon  
  60  5:13  Nexus  
  59  5:15  Pylon  
  59  5:22  Probe, Assimilator  
  59  5:23  Probe  
  59  5:24  Pylon  
  61  5:35  Shield Battery  
  61  5:36  Stalker x3  
  61  5:37  Stalker  
  61  5:40  Observer  
  70  5:43  Probe x2  
  70  5:45  Forge  
  72  5:55  Probe  
  72  5:56  Probe  
  74  5:57  Observer  
  74  6:01  Observer  
  74  6:07  Probe  
  74  6:08  Probe, Stalker x4  
  84  6:13  Robotics Bay  
  84  6:20  Protoss Ground Weapons Level 1  
  84  6:21  Probe  
  84  6:22  Probe  
  86  6:27  Probe  
  86  6:30  Shield Battery  
  87  6:34  Probe x2  
  87  6:39  Observer, Probe (Chrono Boost)  
  86  6:46  Probe x2 (Chrono Boost)  
  86  6:52  Probe (Chrono Boost)  
  82  6:55  Gateway  
  82  6:57  Probe (Chrono Boost)  
  82  6:58  Probe (Chrono Boost), Gateway  
  82  6:59  Colossus (Chrono Boost)  
  82  7:00  Probe (Chrono Boost)  
  82  7:01  Gateway  
  85  7:02  Probe x2 (Chrono Boost)  
  85  7:05  Gateway  
  85  7:06  Probe  
  94  7:08  Extended Thermal Lance  
  94  7:10  Charge  
  94  7:12  Probe  
  95  7:16  Pylon  
  95  7:19  Sentry  
  95  7:22  Pylon  
  97  7:23  Probe  
  97  7:24  Probe x2  
  97  7:26  Pylon  
  100  7:33  Observer  
  100  7:39  Colossus (Chrono Boost)  
  100  7:40  Assimilator x2  
  100  7:41  Probe x2  
  108  7:44  Observer  
  108  7:49  Templar Archives, Nexus  
  108  7:53  Probe  
  108  7:55  Probe x2  
  108  7:57  Observer  
  108  7:58  Pylon  
  109  7:59  Observer  
  109  8:00  Observer  
  109  8:05  Probe  
  110  8:08  Zealot x6, Sentry  
  110  8:10  Probe  
  125  8:24  Pylon  
  125  8:25  Forge  
  125  8:26  Probe x3, Protoss Ground Armor Level 1 (Chrono Boost)  
  127  8:27  Pylon  
  127  8:30  Colossus  
  127  8:32  Phoenix  
  133  8:42  Probe x2, Pylon  
  135  8:49  Observer, Zealot x2  
  135  8:53  Pylon  
  139  8:56  Gateway x2  
  139  9:01  Gateway  
  139  9:02  Gateway, Dark Shrine  
  139  9:12  Nexus  
  139  9:16  Pylon  
  139  9:20  Photon Cannon  
  139  9:22  Observer, Shield Battery  
  139  9:24  Robotics Facility  
  139  9:25  Observer (Chrono Boost)  
  139  9:29  Stalker x4  
  148  9:32  Stalker  
  150  9:40  Photon Cannon  
  150  9:44  Zealot  
  151  9:53  Probe  
  151  9:57  Probe  
  151  9:58  Probe  
  152  10:00  Disruptor (Chrono Boost)  
  155  10:08  High Templar x3  
  155  10:09  High Templar  
  155  10:13  Protoss Ground Weapons Level 2 (Chrono Boost), Archon  
  155  10:14  Archon, Zealot  
  162  10:15  Zealot x7  
  162  10:19  Observer  
  162  10:21  Pylon  
  178  10:22  Pylon  
  178  10:23  Pylon  
  177  10:29  Nexus  
  175  10:37  Observer  
  176  10:48  Zealot x9  
  194  10:55  Shadow Stride  
  190  11:11  Protoss Ground Armor Level 2 (Chrono Boost)  
  186  11:22  Pylon  
  186  11:24  Probe x2, Pylon  
  181  11:26  Probe, Pylon  
  181  11:30  Shield Battery  
  181  11:32  Photon Cannon  
  180  11:35  Photon Cannon  
  180  11:36  Probe  
  180  11:39  Disruptor (Chrono Boost)  
  181  11:40  Probe  
  188  11:47  Disruptor (Chrono Boost), Nexus  
  188  11:53  Assimilator  
  188  11:54  Assimilator  
  188  11:57  Zealot x4  
  196  12:05  Disruptor (Chrono Boost)  
  199  12:14  Pylon  
  199  12:18  Probe  
  199  12:19  Pylon  
  200  12:24  Protoss Ground Weapons Level 3 (Chrono Boost)  
  200  12:29  Stargate  
  200  12:38  Protoss Air Weapons Level 1  
  200  12:51  Disruptor x2  
  188  13:00  Observer  
  188  13:08  Sentry x4  
  188  13:09  Stargate  
  188  13:10  Stargate  
  188  13:11  Stargate, Dark Templar x6  
  200  13:14  Assimilator  
  200  13:15  Assimilator  
  200  13:16  Photon Cannon  
  200  13:18  Protoss Ground Armor Level 3 (Chrono Boost), Dark Templar x2  
  200  13:19  Observer  
  194  13:39  Gateway  
  194  13:41  Gateway  
  194  13:49  Fleet Beacon  
  180  14:20  Disruptor  
  183  14:37  Carrier x3  
  166  14:47  Carrier  
  155  15:00  Protoss Shields Level 1 (Chrono Boost)  
  155  15:02  Photon Cannon  
  155  15:04  Photon Cannon  
  155  15:05  Disruptor (Chrono Boost)  
  155  15:06  Photon Cannon, Disruptor (Chrono Boost)  
  161  15:07  Shield Battery  
  161  15:09  Pylon  
  161  15:10  Nexus  
  161  15:13  Photon Cannon  
  161  15:14  Photon Cannon  
  161  15:17  Sentry  
  163  15:24  Nexus  
  163  15:25  Pylon  
  163  15:27  Pylon  
  163  15:32  Dark Templar x4  
  171  15:37  Zealot x6  
  171  15:38  Zealot x3  
  171  15:41  Carrier  
  193  15:45  Stalker  
  195  15:57  Zealot  
  196  16:06  Zealot x3  
  183  16:14  Zealot x3  
  183  16:15  Zealot x6  
  162  16:20  Nexus  
  156  16:26  Pylon  
  156  16:33  Probe  
  156  16:35  Stalker x3  
  163  16:50  Archon  
  171  16:54  Disruptor x2  
  171  16:59  Probe  
  171  17:00  Probe x3  
  181  17:10  Sentry  
  181  17:13  Shield Battery  
  181  17:14  Photon Cannon, High Templar  
  181  17:15  High Templar x3  
  191  17:18  Archon  
  191  17:19  Archon  
  191  17:22  Zealot x3  
  169  17:31  Stalker x2  
Show
View Real Time Build Order
Export as new Build Order

soul Terran 

Build Orders:  

Get SALT Encoding   

  12  0:00  SCV  
  13  0:13  SCV  
  14  0:17  Supply Depot  
  14  0:25  SCV  
  15  0:39  SCV  
  15  0:40  Barracks  
  16  0:44  Refinery  
  16  0:51  SCV  
  17  1:03  SCV  
  18  1:15  SCV  
  19  1:28  Orbital Command, Marine  
  20  1:42  Command Center  
  20  1:46  Barracks Reactor  
  20  1:54  SCV  
  20  1:56  Supply Depot  
  21  2:05  Factory  
  21  2:07  SCV  
  22  2:12  Refinery  
  22  2:19  SCV  
  23  2:23  Marine x2  
  25  2:31  SCV  
  26  2:41  Marine x2  
  26  2:44  SCV  
  31  2:51  Widow Mine  
  31  2:53  Starport  
  31  2:56  Orbital Command  
  31  2:58  SCV  
  31  3:00  Marine  
  31  3:03  Marine  
  34  3:11  SCV  
  35  3:14  Factory Tech Lab  
  35  3:17  Marine  
  35  3:22  SCV  
  35  3:23  SCV  
  35  3:24  Marine  
  38  3:34  Medivac, Siege Tank  
  43  3:35  Supply Depot  
  43  3:37  Marine  
  44  3:42  Marine  
  44  3:43  SCV  
  46  3:49  Supply Depot  
  46  3:56  SCV x2, Marine  
  46  4:00  Marine  
  50  4:08  Starport Tech Lab, SCV  
  54  4:10  SCV  
  54  4:13  Siege Tank  
  55  4:17  Marine  
  55  4:20  SCV  
  55  4:23  SCV, Supply Depot  
  58  4:33  SCV, Marine  
  58  4:35  SCV  
  58  4:38  Bunker  
  59  4:39  Bunker  
  59  4:40  Marine  
  59  4:45  SCV  
  58  4:46  Banshee  
  58  4:47  SCV  
  58  4:49  Siege Tank  
  58  4:51  Marine  
  60  4:57  SCV  
  60  4:58  Marine  
  60  4:59  SCV  
  59  5:00  Bunker  
  59  5:02  Cloaking Field  
  59  5:04  Bunker  
  58  5:09  SCV, Marine  
  58  5:11  SCV  
  61  5:19  Bunker, Command Center  
  62  5:21  SCV  
  62  5:23  SCV, Marine  
  64  5:28  Marine  
  64  5:33  SCV  
  64  5:34  Siege Tank  
  64  5:35  SCV  
  70  5:44  Marine, Viking  
  70  5:45  SCV  
  70  5:46  Marine, Supply Depot  
  70  5:47  SCV, Supply Depot  
  74  5:59  Barracks  
  74  6:00  Barracks  
  73  6:07  Marine x2, Supply Depot x2  
  73  6:08  SCV  
  76  6:13  SCV  
  76  6:16  Engineering Bay  
  76  6:17  Engineering Bay  
  77  6:22  SCV  
  77  6:25  Marine x2  
  78  6:27  Siege Tank  
  78  6:30  Refinery  
  78  6:31  Refinery  
  78  6:32  Supply Depot  
  83  6:36  Starport Reactor  
  83  6:42  SCV x2  
  83  6:44  Orbital Command  
  82  6:54  SCV  
  82  6:56  Barracks  
  82  6:57  Barracks  
  82  6:59  Refinery  
  83  7:05  SCV  
  83  7:06  SCV  
  85  7:11  Factory Reactor  
  85  7:16  Marine x2  
  85  7:17  Marine x2, Supply Depot x2  
  85  7:18  SCV  
  85  7:19  Stimpack  
  85  7:21  SCV  
  91  7:23  Combat Shield  
  91  7:29  Starport Reactor  
  91  7:30  SCV  
  91  7:32  Missile Turret  
  91  7:33  SCV  
  93  7:37  Marauder, Marine  
  93  7:42  Orbital Command  
  96  7:47  SCV  
  96  7:51  Barracks Reactor  
  95  7:55  SCV, Barracks Tech Lab  
  95  7:56  Barracks Tech Lab  
  95  7:57  Terran Infantry Armor Level 1, Terran Infantry Weapons Level 1  
  95  7:58  Marine  
  97  7:59  SCV  
  97  8:00  Marine x3  
  101  8:07  SCV  
  101  8:08  SCV, Supply Depot  
  101  8:09  Missile Turret  
  101  8:11  SCV, Missile Turret  
  104  8:14  Bunker  
  104  8:16  Marine  
  104  8:17  Marine  
  104  8:18  Marine x2  
  104  8:19  SCV  
  109  8:20  SCV  
  109  8:22  Medivac  
  109  8:23  Medivac  
  109  8:24  Widow Mine x2, SCV  
  119  8:27  Armory  
  119  8:28  Refinery, Marauder, Supply Depot  
  119  8:29  Refinery  
  119  8:31  SCV  
  119  8:32  Concussive Shells, Supply Depot  
  119  8:33  Marine x2  
  124  8:38  SCV  
  124  8:39  Marauder x2, Marine  
  131  8:46  Widow Mine x2  
  134  8:50  Marauder  
  134  8:52  Command Center, Medivac  
  137  8:59  Medivac  
  137  9:01  SCV x2  
  141  9:04  Supply Depot x2  
  141  9:05  SCV, Ghost Academy  
  141  9:07  Widow Mine  
  141  9:08  Marauder x2  
  148  9:13  Marine  
  148  9:14  Marauder, Marine x2  
  153  9:27  Supply Depot  
  153  9:29  Marauder, Supply Depot  
  155  9:34  Medivac  
  155  9:35  Medivac  
  155  9:36  Starport  
  159  9:41  Marauder, Marine  
  159  9:45  Widow Mine x2  
  162  9:49  Marine  
  162  9:50  Marauder  
  162  9:52  Marauder, Marine  
  166  9:58  Marine  
  165  10:03  Marauder  
  165  10:04  Viking  
  165  10:05  Marine, Viking  
  170  10:11  Marauder  
  170  10:12  Marine  
  170  10:13  Marauder, Marine  
  176  10:16  SCV  
  176  10:17  SCV x2  
  181  10:29  SCV x3  
  181  10:34  Viking  
  181  10:35  Refinery, Viking  
  192  10:36  Ghost x3  
  192  10:39  Refinery  
  192  10:41  Viking  
  193  10:43  Planetary Fortress  
  193  10:45  Viking  
  194  10:56  Marine  
  193  10:57  Marine  
  193  11:00  Marine  
  189  11:04  Viking x2  
  189  11:05  Marauder x3  
  191  11:11  Sensor Tower, Viking  
  191  11:15  Viking  
  183  11:20  Sensor Tower  
  183  11:23  Command Center  
  177  11:30  Factory Tech Lab, Terran Infantry Weapons Level 2  
  177  11:32  Terran Ship Weapons Level 1  
  173  11:33  Barracks  
  173  11:34  Barracks  
  173  11:36  Barracks  
  173  11:39  Terran Infantry Armor Level 2  
  175  11:47  SCV x2  
  177  11:55  Enhanced Shockwaves  
  181  12:02  Command Center  
  181  12:03  Medivac x4  
  183  12:16  Bunker  
  183  12:19  Drilling Claws  
  183  12:20  Widow Mine  
  183  12:21  Supply Depot x2  
  183  12:22  Barracks Tech Lab x2  
  185  12:23  Supply Depot  
  185  12:24  Fusion Core  
  185  12:25  Barracks Tech Lab  
  181  12:53  SCV  
  181  12:54  SCV  
  181  12:55  Refinery  
  181  12:56  Refinery, Sensor Tower  
  179  12:58  Liberator x4  
  182  13:13  Advanced Ballistics  
  182  13:15  SCV x3  
  182  13:16  Orbital Command, Supply Depot  
  185  13:20  Planetary Fortress  
  185  13:26  Missile Turret  
  184  13:27  SCV x3  
  184  13:29  Sensor Tower  
  184  13:32  Bunker  
  187  13:34  Bunker  
  187  13:39  SCV x2  
  187  13:40  SCV  
  190  13:41  Liberator x2  
  190  13:43  SCV  
  190  13:44  Terran Ship Weapons Level 2  
  197  13:49  Refinery  
  197  13:51  SCV  
  197  13:52  Orbital Command  
  197  13:55  Missile Turret  
  166  14:11  Liberator  
  166  14:12  Marauder, Marine  
  166  14:13  Marauder, Marine  
  169  14:18  Orbital Command, SCV  
  169  14:19  SCV x2  
  169  14:22  Liberator  
  169  14:23  Marine  
  169  14:24  Marauder  
  177  14:31  SCV x3  
  149  14:43  SCV  
  142  14:55  Liberator  
  142  14:56  Liberator x2  
  142  14:59  Marauder  
  146  15:04  Marauder  
  148  15:07  Marine  
  148  15:08  Marauder  
  151  15:20  Marine  
  152  15:24  Marine  
  152  15:25  Marauder  
  152  15:26  Liberator  
  152  15:27  Marauder, Marine  
  161  15:34  Marauder x2  
  165  15:38  Liberator  
  168  15:44  Marine  
  168  15:45  Marauder  
  168  15:46  Marine  
  168  15:47  Marauder  
  174  15:53  Marine  
  171  15:59  Marine  
  171  16:00  Marauder, Marine  
  171  16:02  Marauder, Marine  
  171  16:03  Marauder  
  171  16:04  Marine  
  171  16:06  Marauder  
  171  16:11  Marine  
  168  16:17  Marine  
  168  16:18  Marauder  
  136  16:22  Marauder  
  136  16:23  Viking x2  
  133  16:27  Viking  
  133  16:30  Marine  
  135  16:34  Viking  
  131  16:53  Viking x2  
  129  17:01  Marine x3  
  129  17:03  Marine  
  135  17:11  Marine x2  
  137  17:16  Marine  
Tags
 
Add a new tag
Caveats
  • Supply blocks, unpowered buildings, or Contaminate may cause inaccurate times.
  • Supply counts are checked every 10 seconds.